 Dungeon Crawl Stone Soup version 0.22.1-2-g9c5b331 (webtiles) character file.

27 colophon the Sneak (level 3, -2/20 HPs)
             Began as a Kobold Enchanter on Nov 26, 2018.
             Slain by a jackal (3 damage)
             ... on level 2 of the Dungeon.
             The game lasted 00:04:26 (1381 turns).

colophon the Sneak (Kobold Enchanter)               Turns: 1381, Time: 00:04:26

Health: -2/20      AC:  2    Str:  5    XL:     3   Next: 25%
Magic:  1/6        EV: 16    Int: 16    God:
Gold:   68         SH:  0    Dex: 16    Spells: 3/6 levels left

rFire    . . .     SeeInvis .   a - +1 dagger
rCold    . . .     Gourm    .   (shield restricted)
rNeg     . . .     Faith    .   b - +0 robe
rPois    .         Spirit   .   (no helmet)
rElec    .         Reflect  .   (no cloak)
rCorr    .         Harm     .   (no gloves)
MR       .....                  (no boots)
Stlth    +++.......             (no amulet)
HPRegen  0.06/turn              (no ring)
MPRegen  0.10/turn              (no ring)

@: no status effects
A: small, carnivore
a: no special abilities


You were on level 2 of the Dungeon.
You were very full.

You visited 1 branch of the dungeon, and saw 2 of its levels.

You collected 68 gold pieces.

Inventory:

Hand Weapons
 a - a +1 dagger (weapon)
Missiles
 f - 20 bolts
Armour
 b - a +0 robe (worn)
 h - a +0 helmet
 r - a +0 pair of gloves
Jewellery
 p - an uncursed ring of protection from magic {unknown}
Scrolls
 e - 2 scrolls of magic mapping {unknown}
 g - 5 scrolls of identify
 k - a scroll of teleportation {unknown}
 l - a scroll of amnesia {unknown}
 m - a scroll of remove curse {unknown}
 n - a scroll of enchant weapon {unknown}
Potions
 c - a potion of cancellation {unknown}
 i - a potion of flight {unknown}
 j - 2 potions of mutation
 o - a potion of invisibility {unknown}
 q - a potion of heal wounds {unknown}
 s - a potion of might {unknown}
Comestibles
 d - 2 rations


   Skills:
 + Level 1.0 Fighting
 + Level 2.1 Short Blades
 + Level 2.9 Dodging
 + Level 4.4 Stealth
 - Level 2.1 Spellcasting
 + Level 3.2 Hexes


You had 3 spell levels left.
You knew the following spells:

 Your Spells              Type           Power        Failure   Level  Hunger
a - Corona                Hex            ##.....      5%          1    #......
b - Ensorcelled Hibernat  Hex/Ice        #.....       16%         2    ###....

Your spell library contained the following spells:

 Spells                   Type           Power        Failure   Level  Hunger
 Confuse                  Hex            ##......     16%         3    ###....
 Tukima's Dance           Hex            ##......     16%         3    ###....
 Dazzling Spray           Conj/Hex       #.....       32%         3    ###....


Dungeon Overview and Level Annotations

Branches:
Dungeon (2/15)

Altars:


Innate Abilities, Weirdness & Mutations

You are small and have problems with some larger weapons.
You are carnivorous and can eat meat at any time.


Message History

The jackal is almost dead.
The jackal closely misses you. x2; The jackal barely misses you.
The jackal misses you.
You miss the jackal.
The jackal is almost dead.
The jackal bites you.
* * * LOW HITPOINT WARNING * * *
The jackal bites you.
* * * LOW HITPOINT WARNING * * *
You closely miss the jackal.
The jackal is almost dead.
The jackal closely misses you. The jackal bites you.
* * * LOW HITPOINT WARNING * * *
You hit the jackal.
You kill the jackal!
The jackal misses you. The jackal barely misses you.
You hit the hobgoblin.
You kill the hobgoblin!
The jackal bites you.
You die...

....# #...... #.#.#
####.## #.#.# #.# ##
#####.#.# #.# ..
........# #.#
#.###.....# #.#
#.........#########.#
##h#).............#
#@############### ###


You could see a jackal.

Vanquished Creatures
  An adder (D:2)
  2 giant cockroaches
  2 goblins
  3 hobgoblins (D:2)
  A jackal (D:2)
  A quokka (D:2)
  4 kobolds
  3 rats (D:1)
17 creatures vanquished.

Notes
Turn   | Place    | Note
-------+----------+-------------------------------------------
     0 | D:1      | colophon the Kobold Enchanter began the quest for the Orb.
     0 | D:1      | Reached XP level 1. HP: 10/10 MP: 3/3
   495 | D:1      | Reached XP level 2. HP: 16/16 MP: 3/5
   622 | D:1      | Learned a level 2 spell: Ensorcelled Hibernation
   891 | D:2      | Reached XP level 3. HP: 20/20 MP: 6/6
   919 | D:2      | Reached skill level 1 in Fighting
  1379 | D:2      | HP: 1/20 [jackal (1)]
  1381 | D:2      | Slain by a jackal

Skill      XL: |  1  2  3 |
---------------+----------+-----
Short Blades   | 2 |  2.1
Fighting       | 1 |  1.0
Dodging        | |  2.9
Stealth        | |  4.4
Spellcasting   | |  2.1
Hexes          | |  3.2

Action                   || total
-------------------------++-------
Melee: Dagger            ||    65
 Cast: Corona            ||     6
       Ensorcelled Hiber ||     8
  Use: Scroll            ||     1
 Stab: Sleeping          ||     7
  Eat: Chunk             ||     9
Armor: Robe              ||    13
Dodge: Dodged            ||    64
